 Dungeon Crawl Stone Soup version 0.31-a0-177-g4aa6249778 (webtiles) character file.

Game seed: 12688980096885765895

81 Moral the Insei (level 4, -5/28 HPs)
             Began as an Octopode Transmuter on June 18, 2023.
             Slain by Crazy Yiuf
             ... wielding a +4 quarterstaff of chaos
              (10 damage)
             ... on level 2 of the Dungeon.
             The game lasted 00:06:42 (2873 turns).

Moral the Insei (Octopode Transmuter)               Turns: 2873, Time: 00:06:42

Health: -5/28      AC:  1    Str: 11    XL:     4   Next: 40%
Magic:  6/7        EV: 13    Int: 15    God:
Gold:   152        SH:  0    Dex: 12    Spells: 6/7 levels left

rFire   . .          .
                       - Unarmed
rCold   . . .        (no shield)
rNeg    . . .        b - melded +2 hat
rPois   .            (no amulet)
rElec   .            (no ring)
rCorr   .            (no ring)
SInv    .            (no ring)
Will    .....        (no ring)
Stlth   ++           (no ring)
HPRegen 0.24/turn    (no ring)
MPRegen 0.10/turn    (no ring)
                     (no ring)

%: no passive effects
@: confused, lethally poisoned (-5 -> -13), appendages
A: tentacle spike 3, almost no armour, amphibious, 8 rings, camouflage 1,
gelatinous body 1, (nimble swimmer 1), tentacles
a: End Transformation


You were on level 2 of the Dungeon.
One of your tentacles had grown a beastly spike.
You visited 1 branch of the dungeon, and saw 2 of its levels.

You collected 152 gold pieces.

Inventory:

Armour
 b - a +2 hat (melded)
Scrolls
 d - a scroll of fear {unknown}
 f - a scroll of brand weapon {unknown}
 g - a scroll of identify {unknown}
 h - 2 scrolls of blinking {unknown}
 k - 2 scrolls of revelation {unknown}
Potions
 a - a potion of lignification
 c - a potion of heal wounds {unknown}
 e - 3 potions of curing {unknown}
 i - a potion of cancellation {unknown}
 j - a potion of brilliance {unknown}


   Skills:
 + Level 1.6 Fighting
 - Level 2.0 Dodging
 + Level 2.1 Stealth
 * Level 3.9 Unarmed Combat
 + Level 2.4 Spellcasting
 + Level 2.5 Transmutations


You had 6 spell levels left.
You knew the following spells:

 Your Spells              Type           Power      Damage    Failure   Level
a - Beastly Appendage     Tmut           18%        N/A       8%          1

Your spell library contained the following spells:

 Spells                   Type           Power      Damage    Failure   Level
 Wereblood                Tmut           9%         N/A       12%         2
 Spider Form              Tmut/Pois      5%         N/A       36%         3
 Ice Form                 Ice/Tmut       5%         N/A       77%         4


Dungeon Overview and Level Annotations

Branches:
Dungeon (2/15)

Altars:

Annotations:
D:2 Crazy Yiuf


Innate Abilities, Weirdness & Mutations

One of your tentacles has grown a beastly spike.
You cannot wear most types of armour.
You are amphibious.
You can wear up to eight rings at the same time.
Your skin changes colour to match your surroundings (Stealth+).
Your rubbery body absorbs attacks. (AC +1, EV +1)
((You are camouflaged when in or above water. (Stealth+)))
You have tentacles for arms and can constrict up to eight enemies at once.


Message History

k - 2 scrolls labelled ABUNAO SUROC You enter the shallow water.
You enter the shallow water.
h - 2 scrolls labelled AHEGGU TAUN (gained 1)
You now have 152 gold pieces (gained 10).
You enter the shallow water.
Key pressed, stopping explore.
Found a hammer.
Found a runed translucent door.
You enter the shallow water.
You see here a +0 leather armour.
You enter the shallow water.
Press: ? - help, v - describe, . - travel
Here: Crazy Yiuf, wielding a +4 quarterstaff of chaos and wearing a +1 cloak of willpower (asleep, fire blocked by a runed translucent door)
The floor.
You open the door.
Casting: Beastly Appendage (safe; 8% risk of failure)
Confirm with . or Enter, or press ? or * to list all spells.
One of your tentacles grows a vicious spike.
Your +2 hat melds into your body.
There is an open translucent door here.
The helpless Crazy Yiuf fails to defend himself.
You tentacle-slap Crazy Yiuf but do no damage.
Your grab misses Crazy Yiuf.
You pierce Crazy Yiuf.
Crazy Yiuf is lightly wounded.
Crazy Yiuf hits you with a +4 quarterstaff of chaos!
You are poisoned.
You tentacle-slap Crazy Yiuf but do no damage.
Your grab misses Crazy Yiuf.
You tentacle-slap Crazy Yiuf, but do no damage.
Crazy Yiuf is lightly wounded.
You feel very sick.
Crazy Yiuf hits you with a +4 quarterstaff of chaos!
* * * LOW HITPOINT WARNING * * *
You are confused.
You are too confused!
You are too confused!
* * * LOW HITPOINT WARNING * * *
You feel sick.
Crazy Yiuf hits you with a +4 quarterstaff of chaos!
You die...

#.# #.# # #.# ##
#.# #≈ ### #≈
####≈ ♣♣♣♣♣##..#~
#####♣♣♣.♣......~~
#@..#♣..♣.......#~
#g..'.♣♣♣♣......#.
#)..#♣♣ ♣♣....###
##### ♣♣######
#... ##.## #####
######..# #.#.###
#.#.###.## #.....#
#>#.......


You could see Crazy Yiuf.

Vanquished Creatures
  Robin (D:2)
  3 dart slugs
  A ball python (D:2)
  7 endoplasms
  11 goblins (D:2)
  8 hobgoblins
  4 jackals (D:2)
  2 quokkas
  6 bats
  4 frilled lizards
  4 kobolds
  6 rats
57 creatures vanquished.

Notes
Turn   | Place    | Note
-------+----------+-------------------------------------------
     0 | D:1      | Moral the Octopode Transmuter began the quest for the Orb.
     0 | D:1      | Reached XP level 1. HP: 13/13 MP: 3/3
   159 | D:1      | Reached XP level 2. HP: 13/18 MP: 3/5
   438 | D:1      | Reached skill level 1 in Stealth
  1752 | D:2      | Noticed Robin
  1792 | D:2      | Reached XP level 3. HP: 22/23 MP: 4/6
  2037 | D:2      | Killed Robin
  2055 | D:2      | Reached XP level 4. HP: 21/28 MP: 5/7
  2753 | D:2      | Found a runed translucent door.
  2754 | D:2      | Noticed Crazy Yiuf
  2873 | D:2      | Slain by Crazy Yiuf

Illustrated notes

Levels and vault maps discovered:
D:1:      dpeg_arrival_circle_labyrinth_c, layout_loops_corners, serial_forest,
          infiniplex_forest_lined_room_2, infiniplex_forest_clump_small,
          infiniplex_forest_clump_small, infiniplex_forest_lined_room_2,
          infiniplex_forest_lined_4_way, infiniplex_forest_lined_1,
          infiniplex_forest_lined_corner
D:2:      layout_loops_ring, chequers_serial_rivers_large_a,
          uniq_crazy_yiuf_cottage, uniq_robin

Skill      XL: |  1  2  3  4 |
---------------+-------------+-----
Stealth        | 1 2 |  2.1
Fighting       | |  1.6
Dodging        | |  2.0
Unarmed Combat | |  3.9
Spellcasting   | |  2.4
Transmutations | |  2.5

Action                     |  1- 3 |  4- 6 || total
---------------------------+-------+-------++-------
  Melee: Unarmed           |    73 |    41 ||   114
         Tentacles         |    18 |     3 ||    21
         Kick              |    14 |    11 ||    25
         Constrict         |    20 |    10 ||    30
         Punch             |     3 |     2 ||     5
   Cast: Beastly Appendage |    17 |     6 ||    23
   Stab: Distracted        |     1 |       ||     1
         Sleeping          |       |     1 ||     1
 Armour: Skin              |    13 |     3 ||    16
  Dodge: Dodged            |    44 |    21 ||    65

Table legend: (Time is in decaauts)
 A = Elapsed time spent in this place.
 B = Non-inter-level travel time spent in this place.
 C = Inter-level travel time spent in this place.
 D = Time resting spent in this place.
 E = Time spent auto-exploring this place.
 F = Levels seen in this place.
 G = Mean time per level.
                   A        B        C        D        E       F      G
               +--------+--------+--------+--------+--------+-----+--------+
         Total |   2865 |   2194 |    671 |    129 |   1640 |   2 | 1432.5 |
       Dungeon |   2865 |   2194 |    671 |    129 |   1640 |   2 | 1432.5 |
               +--------+--------+--------+--------+--------+-----+--------+

Top non-repeatable levels by time:
     D:1: 1777 daAuts
     D:2: 1088 daAuts
